 Dungeon Crawl Stone Soup version 0.26-a0-72-g09a6a6c (webtiles) character file.

Game seed: 5913792881433979941

1113 sdc77 the Chopper (level 8, 0/106 HPs)
             Began as a Minotaur Berserker on June 13, 2020.
             Was a Priest of Trog.
             Succumbed to an orc warrior's poison
             ... on level 6 of the Dungeon on June 14, 2020.
             The game lasted 01:09:02 (8355 turns).

sdc77 the Chopper (Minotaur Berserker)              Turns: 8355, Time: 01:09:03

Health: 0/106      AC: 11    Str: 24    XL:     8   Next: 12%
Magic:  7/7        EV:  7    Int:  4    God:    Trog [***...]
Gold:   473        SH:  8    Dex: 10    Spells: 7/7 levels left

rFire    . . .     SeeInvis .   y - +0 war axe
rCold    . . .     Gourm    .   k - +0 kite shield
rNeg     . . .     Faith    .   j - +1 chain mail
rPois    .         Spirit   .   (helmet restricted)
rElec    .         Reflect  .   (no cloak)
rCorr    .         Harm     .   (no gloves)
MR       .....                  (no boots)
Stlth    ..........             (no amulet)
HPRegen  0.27/turn              (no ring)
MPRegen  0.10/turn              (no ring)

@: berserking (expiring), lethally poisoned (0 -> -37), very quick
A: retaliatory headbutt, horns 2
a: Berserk, Trog's Hand, Renounce Religion


You were on level 6 of the Dungeon.
You worshipped Trog.
Trog was most pleased with you.
You were not hungry.

You visited 2 branches of the dungeon, and saw 7 of its levels.

You collected 473 gold pieces.

Inventory:

Hand Weapons
 a - a +0 hand axe
 b - a +1 dagger of venom
 d - a +0 whip
 n - a +1 flail of draining
 x - a +1 short sword of venom
 y - a +0 war axe (weapon)
Missiles
 l - 168 stones (quivered)
 p - 8 atropa-tipped darts
Armour
 i - the +1 ring mail of Inviolability {rF+ Int+6 Dex+3, unknown}
   (You found it on level 6 of the Dungeon)

   It affects your intelligence (+6).
   It affects your dexterity (+3).
   It protects you from fire.
 j - a +1 chain mail (worn)
 k - a +0 kite shield (worn)
 D - a +0 tower shield
Jewellery
 s - a cursed ring of teleportation {unknown}
 w - a +4 ring of evasion {unknown}
Wands
 A - a wand of enslavement (5)
Scrolls
 e - 2 scrolls of magic mapping
 f - 4 scrolls of enchant armour
 g - a scroll of amnesia {unknown}
 m - a scroll of fear {unknown}
 q - 7 scrolls of remove curse {unknown}
 r - a scroll of enchant weapon {unknown}
 z - 2 scrolls of fog {unknown}
 B - a scroll of teleportation {unknown}
 G - a scroll of blinking {unknown}
Potions
 h - a potion of experience
 o - 2 potions of heal wounds
 t - a potion of lignification
 u - a potion of might
 v - 4 potions of curing
 C - a potion of flight {unknown}
 E - a potion of berserk rage {unknown}
 F - a potion of magic {unknown}
 H - a potion of brilliance {unknown}
Comestibles
 c - 11 rations


   Skills:
 + Level 6.7 Fighting
 + Level 7.0 Axes
 + Level 5.9 Armour
 + Level 5.4 Dodging
 + Level 1.4 Shields


You had 7 spell levels left.
You didn't know any spells.
Your spell library was empty.

Dungeon Overview and Level Annotations

Branches:
Dungeon (6/15)             Temple (1/1) D:4

Altars:
Ashenzari
Cheibriados
Dithmenos
Elyvilon
Fedhas
Gozag
Hepliaklqana
Kikubaaqudgha
Makhleb
Okawaru
Qazlal
Ru
Sif Muna
Trog
Uskayaw
Vehumet
Wu Jian
Xom
Yredelemnul
Zin


Innate Abilities, Weirdness & Mutations

You reflexively headbutt those who attack you in melee.
You have a pair of horns on your head.


Message History

You completely miss the orc warrior.
* * * LOW HITPOINT WARNING * * *
You feel sick.
The orc warrior hits you with a +2 trident of venom!
* * * LOW HITPOINT WARNING * * *
You closely miss the orc warrior.
* * * LOW HITPOINT WARNING * * *
You feel very sick. You block the orc warrior's attack.
Your shield prevents you from hitting the orc warrior.
Your headbutt misses the orc warrior.
* * * LOW HITPOINT WARNING * * *
You feel sick.
The orc warrior hits you with a +2 trident of venom.
* * * LOW HITPOINT WARNING * * *
You are more poisoned.
You are too berserk!
You are too berserk!
You closely miss the orc warrior.
You die...

...PPP.P.......#
...P...P.......#
.......P.......#
...P...P.......#
...P.P.P#......#
.......##......##
.#..............##
.#......#######).#
..<........ ##@#
.#....#.... #o..#
.##.#####.. ...#.#
......# ...... ..
###..... #..#..
#.# ###...#..
#..... ..
.......#. #.#.#.
..# ##...... #
.... ..# .


You could see an orc warrior.

Vanquished Creatures
  An ice beast (D:5)
  A phantom (D:5)
  An ogre (D:4)
  A sky beast (D:5)
  A centaur (D:6)
  2 scorpions
  A crimson imp (D:5)
  2 bullfrog zombies (D:5)
  2 orc priests
  A hound (D:5)
  4 orc wizards
  An iguana (D:5)
  3 worker ants
  Robin (D:4)
  A howler monkey skeleton (D:5)
  3 adders
  2 shadow imps
  An adder skeleton (D:4)
  2 worms (D:3)
  4 leopard geckos
  10 orcs
  2 giant cockroaches
  18 goblins
  14 hobgoblins
  8 jackals
  2 quokkas
  3 ball pythons (D:3)
  9 bats
  7 frilled lizards
  5 kobolds
  A leopard gecko skeleton (D:4)
  6 rats
120 creatures vanquished.

Vanquished Creatures (others)
  4 toadstools (D:6)
4 creatures vanquished.

Grand Total: 124 creatures vanquished

Notes
Turn   | Place    | Note
-------+----------+-------------------------------------------
     0 | D:1      | sdc77 the Minotaur Berserker began the quest for the Orb.
     0 | D:1      | Reached XP level 1. HP: 19/19 MP: 0/0
   663 | D:1      | Reached skill level 4 in Axes
   663 | D:1      | Reached XP level 2. HP: 27/27 MP: 1/1
  2346 | D:1      | Reached XP level 3. HP: 33/33 MP: 2/2
  2683 | D:2      | Found a basalt altar of Yredelemnul.
  3284 | D:2      | Reached ** piety under Trog
  3434 | D:2      | Found a hide-covered altar of Uskayaw.
  3885 | D:3      | Found an ancient bone altar of Kikubaaqudgha.
  4079 | D:3      | Noticed a scorpion
  4090 | D:3      | Killed a scorpion
  4090 | D:3      | Reached XP level 4. HP: 40/41 MP: 3/3
  4594 | D:3      | Reached skill level 5 in Axes
  4976 | D:4      | Found a staircase to the Ecumenical Temple.
  4976 | D:4      | Noticed an ogre
  5133 | D:4      | Reached XP level 5. HP: 46/47 MP: 4/4
  5315 | D:4      | Noticed Robin
  5491 | D:4      | Reached skill level 5 in Fighting
  5548 | D:4      | Killed an ogre
  5548 | D:4      | Reached XP level 6. HP: 25/56 MP: 5/5
  5735 | D:4      | Reached *** piety under Trog
  5822 | D:4      | Found a basalt altar of Yredelemnul.
  5822 | D:4      | Found a glowing silver altar of Zin.
  5857 | D:4      | Killed Robin
  6052 | Temple   | Entered the Ecumenical Temple
  6123 | D:5      | Entered Level 5 of the Dungeon
  6295 | D:5      | Found an ornate altar of the Wu Jian Council.
  6300 | D:5      | Noticed an ice beast
  6330 | D:5      | Killed an ice beast
  6330 | D:5      | Reached skill level 6 in Axes
  6330 | D:5      | Reached XP level 7. HP: 41/62 MP: 6/6
  6940 | D:5      | Found a white marble altar of Elyvilon.
  6969 | D:5      | Reached skill level 5 in Armour
  7267 | D:5      | Found a shadowy altar of Dithmenos.
  7630 | D:5      | Reached skill level 5 in Dodging
  7746 | D:5      | Upgraded the game from 0.26-a0-70-g31f1466 to
                  | 0.26-a0-72-g09a6a6c
  7897 | D:6      | Found a shattered altar of Ashenzari.
  7898 | D:6      | Found a shimmering blue altar of Sif Muna.
  8278 | D:6      | Reached XP level 8. HP: 68/71 MP: 7/7
  8322 | D:6      | Got a bloodstained ring mail
  8338 | D:6      | Reached skill level 1 in Shields
  8349 | D:6      | Reached skill level 7 in Axes
  8354 | D:6      | HP: 3/106 [orc warrior/+2 trident of venom (3)]
  8355 | D:6      | Succumbed to an orc warrior's poison

Illustrated notes

Levels and vault maps discovered:
D:1:      tarquinn_simple_flora_water_d, layout_loops_ring
D:2:      layout_basic, eat_drink_and_be_merry_uskayaw,
          yredelemnul_altar_generic
D:3:      layout_basic, kiku_gazebo_pond_becter, corexii_corridor_pit,
          saegor_snake_ambush
D:4:      layout_rooms, amethyst_overflow_temple_binary,
          minmay_temple_entry_proselytizer, uniq_robin
D:5:      layout_cave_pods, elyvilon_altar_4, overflow_temple_1_default,
          nicolae_dithmenos_shadow_blocks, first_ration
D:6:      layout_rooms, grunt_temple_overflow_open, hangedman_decor_lopped,
          mrwooster_statue_mirror, minmay_door_square, minmay_gold_behind_fungi
Temple:   cyrus_circular_temple

Skill      XL: |  1  2  3  4  5  6  7  8 |
---------------+-------------------------+-----
Axes           | 4 5 6 7 |  7.0
Fighting       | 4 5 6 |  6.7
Armour         | 3 4 5 |  5.9
Dodging        | 3 4 5 |  5.4
Shields        | 1 |  1.4

Action                   |  1- 3 |  4- 6 |  7- 9 || total
-------------------------+-------+-------+-------++-------
Melee: Hand axe          |    42 |       |       ||    42
       Headbutt          |    16 |    23 |    19 ||    58
       Dagger            |    68 |    68 |       ||   136
       Whip              |     2 |       |       ||     2
       War axe           |       |    57 |    92 ||   149
Throw: Stone             |    15 |    17 |       ||    32
Invok: Berserk           |     1 |       |     1 ||     2
  Use: Scroll            |     4 |     3 |     1 ||     8
       Potion            |     1 |       |     1 ||     2
  Eat: Chunk             |     7 |     6 |     3 ||    16
       Ration            |     1 |     1 |     1 ||     3
Armor: Animal skin       |     5 |       |       ||     5
       Ring mail         |     3 |       |       ||     3
       Chain mail        |    31 |    43 |    41 ||   115
Dodge: Dodged            |    55 |    44 |    38 ||   137
Block: Kite shield       |       |       |     5 ||     5

Table legend:
 A = Non-vault XP
 B = Vault XP
 C = Vault XP percentage of total XP
 D = Non-vault monster count
 E = Vault monster count
 F = Vault count percentage of total count
                 A         B        C        D         E       F
            +---------+---------+-------+---------+---------+-------
      Total |    1510 |      81 |   5.1 |     104 |      16 |  13.3
            +---------+---------+-------+---------+---------+-------
        D:1 |      44 |       0 |   0.0 |      27 |       0 |   0.0
        D:2 |      25 |       0 |   0.0 |      16 |       0 |   0.0
        D:3 |     107 |       2 |   1.8 |      17 |       2 |  10.5
        D:4 |     245 |      79 |  24.4 |      16 |      14 |  46.7
        D:5 |     774 |       0 |   0.0 |      20 |       0 |   0.0
        D:6 |     315 |       0 |   0.0 |       8 |       0 |   0.0
            +---------+---------+-------+---------+---------+-------
